Map: Abyssal Reef LE

Players

Fropez - Winner!

  • Race: Protoss Protoss
  • League: Platinum
  • Spawn Location: 5:00

Genka

  • Race: Terran Terran
  • League: Platinum
  • Spawn Location: 11:00

VOD

Have the link to the VOD?

Description

Time

  • Played on: Jan. 28, 2017, 11:19 a.m.
  • Length: 16:56
Show
View Real Time Build Order
Export as new Build Order

Fropez Protoss - Winner!

Build Orders:  

Get SALT Encoding   

  12  0:01  Probe (Chrono Boost)  
  13  0:12  Probe (Chrono Boost)  
  14  0:18  Pylon  
  14  0:22  Probe (Chrono Boost)  
  15  0:36  Probe (Chrono Boost)  
  15  0:40  Gateway  
  16  0:46  Assimilator  
  16  0:55  Probe (Chrono Boost)  
  17  1:01  Pylon  
  17  1:05  Probe (Chrono Boost)  
  17  1:11  Assimilator  
  18  1:16  Probe (Chrono Boost)  
  19  1:26  Probe (Chrono Boost)  
  19  1:29  Cybernetics Core  
  20  1:37  Probe (Chrono Boost)  
  21  1:47  Pylon, Probe (Chrono Boost)  
  22  1:57  Warp Gate  
  22  1:59  Probe (Chrono Boost)  
  25  2:09  Adept  
  25  2:14  Mothership Core (Chrono Boost)  
  27  2:29  Nexus  
  26  2:36  Probe (Chrono Boost)  
  27  2:47  Probe (Chrono Boost)  
  28  2:57  Pylon  
  29  2:59  Probe (Chrono Boost)  
  29  3:11  Probe (Chrono Boost)  
  30  3:20  Twilight Council  
  30  3:21  Gateway  
  30  3:23  Probe (Chrono Boost)  
  31  3:32  Pylon  
  30  3:35  Probe (Chrono Boost)  
  28  3:43  Resonating Glaives  
  28  3:47  Probe (Chrono Boost)  
  29  3:50  Pylon  
  29  3:59  Probe (Chrono Boost)  
  29  4:00  Stalker  
  32  4:08  Gateway  
  33  4:11  Probe (Chrono Boost)  
  33  4:18  Probe (Chrono Boost)  
  33  4:21  Adept, Pylon  
  33  4:23  Probe (Chrono Boost)  
  37  4:28  Probe (Chrono Boost)  
  38  4:33  Sentry  
  31  4:46  Adept  
  31  4:50  Pylon  
  30  4:58  Adept  
  28  5:09  Adept x2  
  29  5:26  Probe (Chrono Boost)  
  29  5:27  Probe (Chrono Boost)  
  29  5:36  Probe (Chrono Boost)  
  29  5:39  Probe (Chrono Boost)  
  29  5:41  Forge  
  31  5:44  Adept x3  
  31  5:47  Probe (Chrono Boost)  
  39  5:50  Pylon  
  39  5:51  Probe (Chrono Boost)  
  39  5:56  Pylon  
  39  5:57  Probe (Chrono Boost)  
  40  6:07  Adept  
  40  6:08  Adept  
  40  6:10  Probe (Chrono Boost)  
  40  6:11  Probe (Chrono Boost)  
  46  6:26  Probe (Chrono Boost)  
  46  6:28  Probe (Chrono Boost)  
  46  6:31  Adept  
  50  6:33  Adept, Assimilator  
  50  6:35  Pylon  
  50  6:37  Adept  
  54  6:46  Probe (Chrono Boost)  
  56  6:48  Probe (Chrono Boost)  
  56  6:53  Pylon  
  46  7:22  Protoss Ground Weapons Level 1  
  38  7:28  Adept  
  38  7:36  Forge  
  38  7:38  Adept x2  
  38  7:43  Probe (Chrono Boost)  
  44  7:44  Probe (Chrono Boost), Forge  
  44  7:53  Adept  
  44  7:54  Gateway  
  46  7:59  Adept x2, Nexus  
  46  8:01  Assimilator  
  46  8:03  Pylon  
  50  8:06  Probe (Chrono Boost)  
  50  8:08  Probe (Chrono Boost)  
  52  8:21  Robotics Facility  
  52  8:23  Pylon  
  52  8:27  Protoss Ground Armor Level 1  
  52  8:37  Probe (Chrono Boost)  
  52  8:39  Probe (Chrono Boost)  
  54  8:42  Protoss Shields Level 1  
  54  8:44  Robotics Facility  
  54  8:45  Assimilator  
  54  8:47  Adept  
  54  8:48  Adept x2  
  60  8:54  Probe (Chrono Boost)  
  60  8:55  Probe (Chrono Boost)  
  62  9:07  Pylon  
  62  9:09  Assimilator  
  62  9:18  Pylon  
  62  9:20  Pylon  
  44  9:53  Probe (Chrono Boost)  
  44  9:54  Probe (Chrono Boost)  
  44  9:55  Probe (Chrono Boost), Protoss Ground Weapons Level 2  
  44  9:57  Gateway  
  44  9:58  Gateway  
  47  10:07  Protoss Ground Armor Level 2, Immortal x2, Templar Archives  
  47  10:08  Adept x3  
  61  10:19  Probe x2 (Chrono Boost)  
  61  10:20  Probe (Chrono Boost)  
  64  10:36  Protoss Shields Level 2  
  64  10:48  High Templar  
  64  10:49  High Templar x3  
  72  10:51  Immortal x2  
  72  10:52  Archon  
  72  10:53  Archon  
  80  11:01  Probe x2 (Chrono Boost)  
  82  11:08  Nexus  
  82  11:10  Pylon  
  82  11:11  Probe (Chrono Boost)  
  84  11:12  Pylon  
  84  11:13  Probe (Chrono Boost)  
  84  11:15  Adept  
  84  11:17  Adept  
  88  11:20  Psionic Storm  
  88  11:28  High Templar  
  88  11:29  High Templar  
  92  11:43  Adept x3  
  92  11:44  Adept  
  100  11:47  Immortal  
  100  11:54  Archon  
  104  11:56  Immortal  
  108  12:14  Probe x2 (Chrono Boost)  
  108  12:15  Probe (Chrono Boost)  
  101  12:23  High Templar  
  101  12:24  High Templar x3  
  101  12:26  Probe x2 (Chrono Boost)  
  101  12:27  Immortal  
  90  12:40  Mothership Core (Chrono Boost)  
  90  12:43  Probe (Chrono Boost)  
  89  12:44  Probe x2 (Chrono Boost)  
  89  12:47  Adept x3  
  89  12:48  Adept x3  
  101  12:54  Assimilator  
  101  12:56  Assimilator  
  101  12:57  Probe x2 (Chrono Boost)  
  103  13:01  Pylon  
  103  13:05  Pylon  
  95  13:27  Immortal x2  
  95  13:32  Adept x5  
  95  13:33  Adept  
  111  13:40  Probe x2 (Chrono Boost)  
  111  13:41  Probe x2 (Chrono Boost)  
  103  14:06  Immortal x2  
  111  14:13  High Templar x4  
  111  14:14  High Templar  
  121  14:42  Nexus  
  121  14:43  Pylon  
  121  14:46  Pylon  
  121  14:47  Adept x3  
  121  14:48  Adept x3  
  121  14:49  Assimilator  
  133  14:52  Assimilator  
  133  14:55  Pylon  
  96  15:30  High Templar x6  
  108  15:41  Gateway  
  108  15:44  Gateway  
  108  15:45  Gateway  
  108  15:46  Pylon  
  108  15:48  Immortal x2  
  116  15:54  Probe (Chrono Boost)  
  116  15:56  Probe x2 (Chrono Boost)  
  119  16:00  Nexus  
  127  16:37  Archon x4  
  125  16:43  Adept x4  
  125  16:44  Adept x2  
Show
View Real Time Build Order
Export as new Build Order

Genka Terran 

Build Orders:  

Get SALT Encoding   

  12  0:11  SCV  
  13  0:23  SCV  
  13  0:25  Supply Depot  
  14  0:34  Supply Depot  
  14  0:35  SCV  
  15  0:42  Supply Depot  
  15  0:59  Barracks  
  15  1:10  Barracks  
  15  1:21  Barracks  
  15  1:33  Barracks  
  15  1:38  SCV  
  16  1:46  Marine  
  17  1:50  SCV  
  18  1:57  Marine  
  19  2:03  SCV  
  19  2:04  Marine  
  21  2:08  Marine  
  21  2:14  Marine  
  21  2:15  SCV  
  24  2:28  Marine x2  
  24  2:29  Marine  
  28  2:30  SCV  
  28  2:35  Supply Depot  
  28  2:37  Marine  
  29  2:46  Marine x2  
  29  2:47  Marine, SCV  
  33  2:55  Marine  
  34  2:59  SCV  
  34  3:03  Supply Depot  
  34  3:04  Marine  
  36  3:05  Marine  
  36  3:08  Marine  
  38  3:13  Marine, SCV  
  40  3:22  Marine  
  40  3:23  Marine  
  40  3:25  Marine, SCV  
  44  3:41  Marine x3  
  45  3:43  Marine  
  45  3:48  Supply Depot  
  48  3:53  SCV  
  49  3:58  Marine  
  49  3:59  Marine x2  
  49  4:01  Marine  
  53  4:05  SCV  
  54  4:16  Marine x2  
  54  4:17  Marine  
  52  4:19  Marine  
  52  4:22  SCV  
  56  4:34  Marine x3  
  56  4:37  Marine  
  54  5:10  Marine  
  54  5:11  Marine x3  
  54  5:12  SCV  
  59  5:24  SCV  
  53  5:38  Command Center  
  53  5:41  Orbital Command, Refinery  
  53  5:45  Refinery  
  53  5:49  Engineering Bay  
  53  6:16  Supply Depot  
  53  6:29  SCV  
  54  6:41  Refinery  
  54  6:42  SCV, Refinery  
  55  6:54  SCV  
  56  6:55  SCV, Command Center  
  57  7:06  SCV  
  57  7:07  SCV  
  50  7:18  SCV  
  50  7:19  SCV  
  47  7:30  SCV  
  47  7:32  Barracks Reactor x2, Barracks Tech Lab x2  
  48  7:37  Planetary Fortress  
  48  7:42  SCV  
  49  7:52  Marauder x2  
  53  8:01  Stimpack  
  53  8:08  SCV  
  53  8:09  Refinery  
  53  8:11  Combat Shields  
  54  8:13  Marauder  
  54  8:14  Marine x4, Marauder  
  62  8:20  SCV  
  63  8:31  Marine  
  63  8:32  Marine x3, SCV  
  68  8:35  Marauder x2  
  72  8:42  Missile Turret  
  72  8:44  SCV  
  72  8:45  Terran Infantry Weapons Level 1  
  73  8:49  Marine x2  
  73  8:50  Marine x2, Missile Turret  
  77  8:56  SCV, Marauder x2  
  77  8:58  Missile Turret  
  82  9:04  Missile Turret x2  
  82  9:11  Missile Turret  
  82  9:14  Missile Turret  
  82  9:17  Marauder  
  82  9:18  Marauder  
  82  9:20  Missile Turret  
  82  9:24  Missile Turret  
  82  9:30  Concussive Shells  
  71  9:54  Planetary Fortress  
  71  9:56  SCV  
  72  10:01  SCV  
  73  10:08  SCV  
  73  10:13  SCV  
  79  10:14  Marauder x2  
  79  10:20  SCV  
  80  10:21  Missile Turret  
  80  10:25  SCV  
  81  10:32  SCV, Missile Turret  
  86  10:35  Marauder  
  86  10:36  Marauder  
  86  10:37  SCV  
  86  10:39  Terran Infantry Armor Level 1  
  87  10:44  SCV  
  87  10:49  SCV  
  89  10:53  Missile Turret  
  89  11:41  SCV  
  89  11:42  SCV  
  91  11:49  Marauder x2  
  91  11:53  Marine  
  91  11:54  Marine x3, SCV x2  
  101  12:04  Supply Depot  
  101  12:09  Supply Depot  
  101  12:17  SCV  
  101  12:18  SCV  
  101  12:20  Marauder  
  101  12:21  Marauder  
  96  12:27  Supply Depot  
  96  12:29  SCV  
  83  12:30  SCV  
  83  12:31  Supply Depot  
  76  12:41  SCV  
  76  12:42  Marine x4, Marauder  
  76  12:43  SCV, Marauder  
  70  12:59  Marine, Refinery  
  70  13:00  Marine x3  
  70  13:02  Missile Turret  
  70  13:03  Marauder  
  70  13:04  Marauder  
  78  13:07  Missile Turret  
  78  13:17  Marine x3  
  78  13:18  Marine  
  78  13:25  Marauder x2, Missile Turret  
  81  13:33  Missile Turret  
  81  13:40  Marine x2  
  81  13:41  Marine x2  
  84  13:46  Marauder  
  84  13:47  Marauder  
  89  13:52  SCV  
  90  13:58  Marine x3  
  90  13:59  Marine  
  94  14:04  SCV  
  94  14:07  Marauder  
  94  14:08  Marauder  
  99  14:13  Command Center  
  99  14:16  Marine, SCV  
  101  14:21  Marine x2  
  103  14:28  SCV  
  103  14:29  Marauder x2  
  108  14:32  Engineering Bay  
  108  14:36  Factory  
  108  14:40  SCV, Hi-Sec Auto Tracking  
  109  14:50  Marauder  
  109  14:51  Marauder  
  109  14:52  SCV  
  114  14:58  Engineering Bay  
  109  15:04  SCV  
  109  15:12  Marauder x2  
  109  15:16  SCV  
  72  15:22  Marine x2, Supply Depot  
  72  15:23  Marine x2  
  76  15:28  Planetary Fortress  
  76  15:33  Marauder  
  76  15:34  SCV, Marauder  
  81  15:40  Marine x3  
  81  15:41  Marine  
  85  15:46  SCV  
  86  15:51  Armory  
  86  15:54  Marauder  
  86  15:55  Marauder  
  86  15:57  Supply Depot  
  90  15:58  Marine, SCV  
  92  16:05  SCV  
  93  16:16  Marauder x2  
  93  16:17  SCV  
  97  16:19  Supply Depot  
  97  16:30  SCV  
  65  16:41  Supply Depot  
  65  16:42  SCV  
Tags
 
Add a new tag
Caveats
  • Supply blocks, unpowered buildings, or Contaminate may cause inaccurate times.
  • Supply counts are checked every 10 seconds.